AoeStats
← Messier46

Arabia

510612471Analyzed
2v2 RM · 2d ago on Oct 1, 2026· 58m 30s· 4 players
Game mode
Random Map
Map size
Medium (4 player)
Population
200
Speed
Normal
Resources
Standard
Victory
Conquest
Starting age
Dark Age
Ending age
Imperial Age
RankedLock teamsTeams togetherTeam positionsShared explorationLock speedFull tech treeHidden civsTurbo modeCheats
Victory
Defeat
🇪🇸 Mongols · Spain
1120
+15
1106
+15
🇦🇷 Mongols · Argentina
1092
-15
🇦🇷 Cumans · Argentina
1091
-15
Hoshigaki kisame
2:55 Loom
10:40 Feudal Age
11:18 Town Watch
11:15 Horse Collar
11:22 Double-Bit Axe
14:39 Man-at-Arms
28:45 Castle Age
26:40 Gold Mining
27:43 Bloodlines
27:41 Scale Barding Armor
28:55 Stone Mining
32:46 Light Cavalry
35:32 Chain Barding Armor
37:25 Forging
38:02 Gold Shaft Mining
39:27 Iron Casting
42:19 Steppe Husbandry
50:25 Wheelbarrow
52:42 Hand Cart
55:41 Imperial Age
53:48 Town Patrol
56:26 Hussar
57:48 Plate Barding Armor
58:03 Bow Saw
57:56 Heavy Plow
Renaline
7:14 Loom
9:33 Feudal Age
20:26 Town Watch
24:31 Wheelbarrow
24:16 Fletching
29:40 Castle Age
28:22 Padded Archer Armor
29:08 Scale Mail Armor
29:19 Forging
29:44 Crossbowman
30:20 Bodkin Arrow
30:07 Pikeman
31:47 Double-Bit Axe
36:52 Hand Cart
36:59 Hand Cart
36:57 Horse Collar
39:38 Scale Barding Armor
39:49 Chain Mail Armor
38:58 Light Cavalry
Genio de la lampara
8:40 Loom
10:59 Feudal Age
11:43 Double-Bit Axe
13:55 Arson
14:22 Forging
20:11 Wheelbarrow
23:10 Castle Age
21:54 Padded Archer Armor
21:45 Fletching
21:53 Horse Collar
23:14 Elite Skirmisher
24:23 Bodkin Arrow
25:18 Thumb Ring
28:01 Pikeman
28:42 Squires
29:05 Gold Mining
32:21 Iron Casting
32:12 Bloodlines
34:28 Ballistics
35:54 Murder Holes
36:50 Leather Archer Armor
42:15 Masonry
44:59 Imperial Age
51:50 Husbandry
52:12 Elite Konnik
54:08 Heavy Plow
58:00 Blast Furnace
57:06 Scale Barding Armor
Messier46
5:19 Loom
8:46 Feudal Age
9:43 Double-Bit Axe
14:23 Wheelbarrow
18:01 Stone Mining
20:22 Castle Age
32:59 Fletching
33:16 Scale Barding Armor
35:33 Hand Cart
36:19 Husbandry
36:35 Bloodlines
36:17 Light Cavalry
38:16 Bow Saw
38:40 Horse Collar
40:02 Gold Mining
40:55 Chain Barding Armor
41:35 Forging
41:21 Bodkin Arrow
42:01 Heavy Plow
45:23 Imperial Age
46:09 Hussar
48:47 Elite Mangudai
51:47 Elite Steppe Lancer
53:55 Gold Shaft Mining
55:24 Bracer
57:04 Padded Archer Armor
57:39 Iron Casting
58:38 Stone Shaft Mining
Connection lost

Rejoining the realm…

Still unreachable

The connection could not be restored.

Session expired

The server has moved on; the page needs a fresh start.